 Dungeon Crawl Stone Soup version 0.30-a0-142-g7370640ec8 (webtiles) character file.

Game seed: 909097331874715042

70 qw the Chopper (level 4, -2/28 HPs)
             Began as a Gargoyle Fighter on Sept 26, 2022.
             Slain by a goblin
             ... wielding a +0 dagger
             ... led by Robin
              (3 damage)
             ... on level 4 of the Dungeon.
             The game lasted 00:00:26 (1242 turns).

qw the Chopper (Gargoyle Fighter)                   Turns: 1242, Time: 00:00:27

Health: -2/28      AC: 10    Str: 22    XL:     4   Next: 21%
Magic:  4/4        EV:  9    Int:  8    God:
Gold:   68         SH:  4    Dex:  9    Spells: 3/3 levels left

rFire   . . .      SeeInvis .    Y - +3 war axe
rCold   . . .      Faith    .    c - +0 buckler
rNeg    + . .      Spirit   .    b - +0 scale mail
rPois   inf        Reflect  .    (no helmet)
rElec   +          Harm     .    (no cloak)
rCorr   .          Rampage  .    (no gloves)
Will    .....                    (no boots)
Stlth   ..........               (no amulet)
HPRegen 0.09/turn                (no ring)
MPRegen 0.09/turn                (no ring)

@: no status effects
A: sickness immunity, AC +3, negative energy resistance 1, electricity
resistance, torment resistance 1, petrification resistance
a: no special abilities


You were on level 4 of the Dungeon.
You visited 1 branch of the dungeon, and saw 3 of its levels.

You collected 68 gold pieces.


Innate Abilities, Weirdness & Mutations

You are immune to sickness and miasma.
Your stone body is resilient. (AC +3)
You are immune to poison.
You resist negative energy. (rN+)
You are resistant to electric shocks. (rElec)
You are resistant to unholy torment.
You are immune to petrification.


   Skills:
 - Level 3.2 Fighting
 + Level 4.0 Axes
 - Level 3.2 Armour
 - Level 3.2 Shields


You had 3 spell levels left.
You didn't know any spells.
Your spell library was empty.

Inventory:

Hand Weapons
 k - a +0 whip
 Y - a +3 war axe (weapon)
Armour
 b - a +0 scale mail (worn)
 c - a +0 buckler (worn)
Jewellery
 g - a +4 ring of evasion
Scrolls
 a - a scroll of magic mapping {unknown}
Potions
 d - a potion of might
 e - a potion of heal wounds {unknown}
 f - a potion of curing {unknown}
 i - a potion of brilliance {unknown}

Dungeon Overview and Level Annotations

Branches:
Dungeon (2/15)

Altars:


Message History

You block Robin's attack.
You hit Robin.
Robin is severely wounded.
The goblin no longer looks unusually strong. x2
Robin throws the goblin at you!
The goblin hits you but does no damage. x2
You closely miss Robin.
Robin is severely wounded.
You closely miss the goblin.
Robin roars a battlecry!
The goblins go into a battle-frenzy!
The goblin hits you with a +0 club.
You closely miss Robin.
Robin is severely wounded.
You miss the goblin. Robin hits you but does no damage.
The goblin barely misses you. x2
You slash Robin!
You kill Robin!
You slash the goblin!
You kill the goblin!
You have reached level 4!
You feel stronger.
You barely miss the goblin. The goblin closely misses you.
You closely miss the goblin. The goblin completely misses you.
The goblin hits you but does no damage.
You slash the goblin!
You kill the goblin!
You closely miss the goblin. The goblin barely misses you.
You barely miss the goblin. The goblin hits you with a +0 dagger.
The goblin hits you but does no damage.
You slash the goblin!
You kill the goblin!
You hit the hobgoblin.
You kill the hobgoblin!
Your Axes skill increases to level 4!
You completely miss the goblin. The goblin hits you but does no damage.
The goblin hits you with a +0 dagger.
You closely miss the goblin. The goblin hits you with a +0 dagger.
You die...

#.....### #.....#
###########.....#######
#.........##..........#
#####.............###.#
#...........#......
#...........#####..
#####)####### #@# #g#


ggg ..... ....... ......... #.......... #..........# You could see 4 goblins.

Vanquished Creatures
  An iguana (D:4)
  Robin (D:4)
  An endoplasm (D:1)
  3 giant cockroaches (D:1)
  7 goblins
  4 hobgoblins
  2 kobolds (D:1)
  7 ball pythons
  2 bats (D:1)
  3 frilled lizards
  2 rats (D:1)
33 creatures vanquished.

Notes
Turn   | Place    | Note
-------+----------+-------------------------------------------
     0 | D:1      | qw the Gargoyle Fighter began the quest for the Orb.
     0 | D:1      | Reached XP level 1. HP: 14/14 MP: 1/1
     0 | D:1      | 0 ||| qw: Version: 0.2-a-10-g399e6c4
     0 | D:1      | 0 ||| qw: Game counter: 436
     0 | D:1      | 0 ||| qw: Always use a shield: true
     0 | D:1      | 0 ||| qw: God list: Okawaru
     0 | D:1      | 0 ||| qw: Allow faded altars: false
     0 | D:1      | 0 ||| qw: Do Orc after D:15 true
     0 | D:1      | 0 ||| qw: Do second Lair branch before Depths: true
     0 | D:1      | 0 ||| qw: Lair rune preference: random
     0 | D:1      | 0 ||| qw: Plans: Normal, Zot:1-4, God:TSO, Crypt, Tomb,
                  | Pan, Slime:5, Hells, Abyss, Orb
     0 | D:1      | 0 ||| PLANNING D:1-11
    42 | D:1      | Reached skill level 2 in Axes
   125 | D:1      | Found a faded altar of an unknown god.
   427 | D:1      | Reached XP level 2. HP: 19/19 MP: 2/2
   587 | D:1      | 587 ||| Stepping ~*~*~tactically~*~*~ (stealth).
   966 | D:1      | 966 ||| READING scroll labelled BIKAOFUSHOI.
   967 | D:1      | 967 ||| READING 3 scrolls labelled OQAATS AG ERONT.
   968 | D:1      | 968 ||| READING 2 scrolls of enchant weapon.
   968 | D:1      | 968 ||| ENCHANTING +1 war axe.
   969 | D:1      | 969 ||| READING scroll of enchant weapon.
   969 | D:1      | 969 ||| ENCHANTING +2 war axe.
   970 | D:1      | 970 ||| READING scroll labelled DEYXALL MULE.
   971 | D:1      | 971 ||| READING scroll labelled ROROUNLIOD.
   972 | D:1      | 972 ||| READING scroll labelled ZOCIXK SOCAUN.
   977 | D:1      | 977 ||| READING scroll labelled UFYESHRECUK.
  1007 | D:2      | Reached skill level 3 in Axes
  1031 | D:2      | You fall into a shaft and drop 2 floors!
  1050 | D:4      | Reached XP level 3. HP: 13/23 MP: 3/3
  1218 | D:4      | Noticed Robin
  1231 | D:4      | HP: 4/23 [goblin/+0 club[Robin] (4)]
  1233 | D:4      | Killed Robin
  1234 | D:4      | Reached XP level 4. HP: 5/28 MP: 4/4
  1238 | D:4      | HP: 3/28 [goblin/+0 dagger[Robin] (3)]
  1241 | D:4      | Reached skill level 4 in Axes
  1241 | D:4      | HP: 1/28 [goblin/+0 dagger[Robin] (2)]
  1242 | D:4      | Slain by a goblin

Levels and vault maps discovered:
D:1:      minmay_arrival_checkered_box, layout_loops_ring,
          nicolae_ecumenical_snake_handling
D:2:      layout_basic, grunt_decor_cap
D:4:      layout_basic, general_overflow_altar, hangedman_decor_push, uniq_robin

Skill      XL: |  1  2  3  4 |
---------------+-------------+-----
Axes           | 2 3 4 |  4.0
Fighting       | |  3.2
Armour         | |  3.2
Shields        | |  3.2

Action                   |  1- 3 |  4- 6 || total
-------------------------+-------+-------++-------
Melee: War axe           |    82 |     9 ||    91
  Use: Scroll            |     8 |       ||     8
Armor: Scale mail        |    27 |     3 ||    30
Dodge: Dodged            |    38 |     3 ||    41
Block: Buckler           |    15 |       ||    15

Table legend:
 A = Non-vault XP
 B = Vault XP
 C = Vault XP percentage of total XP
 D = Non-vault monster count
 E = Vault monster count
 F = Vault count percentage of total count
                 A         B        C        D         E       F
            +---------+---------+-------+---------+---------+-------
      Total |      70 |      30 |  30.0 |      22 |      11 |  33.3
            +---------+---------+-------+---------+---------+-------
        D:1 |      25 |       3 |  10.7 |      17 |       3 |  15.0
        D:2 |       4 |       0 |   0.0 |       3 |       0 |   0.0
        D:4 |      41 |      27 |  39.7 |       2 |       8 |  80.0
            +---------+---------+-------+---------+---------+-------
